 Dungeon Crawl Stone Soup version 0.19-b1-1-g9a3527e (webtiles) character file.

590 qqqbard the Shield-Bearer (level 7, 0/60 HPs)
             Began as a Minotaur Fighter on Oct 27, 2016.
             Slain by Pikel
             ... wielding a +0 whip of electrocution
              (8 damage)
             ... on level 5 of the Dungeon.
             The game lasted 00:05:16 (3115 turns).

qqqbard the Shield-Bearer (Minotaur Fighter)        Turns: 3115, Time: 00:05:18

Health: 0/60       AC: 16    Str: 22    XL:     7   Next: 16%
Magic:  6/6        EV:  7    Int:  5    God:
Gold:   232        SH: 15    Dex: 10    Spells: 0 memorised, 6 levels left

rFire  x . .     SeeInvis .     C - +2 mace (protect)
rCold  + . .     Gourm    .     b - +0 scale mail
rNeg   . . .     Faith    .     w - +0 large shield
rPois  .         Spirit   .     (helmet restricted)
rElec  .         Reflect  .     y - +0 cloak
rCorr  .         Harm     .     D - +0 pair of gloves (curse)
MR     .....                    (no boots)
Stlth  ..........               (no amulet)
                                (no ring)
                                h - ring of ice

@: protection aura
A: retaliatory headbutt, horns 2
a: no special abilities


You were on level 5 of the Dungeon.
You were not hungry.

You visited 1 branch of the dungeon, and saw 5 of its levels.

You collected 232 gold pieces.

Inventory:

Hand Weapons
 a - a +0 flail
 C - a +2 mace of protection (weapon)
Armour
 b - a +0 scale mail (worn)
 c - a +0 shield
 w - a +0 large shield (worn)
 y - a +0 cloak (worn)
 D - a cursed +0 pair of gloves (worn)
Jewellery
 h - a ring of ice (left hand)
 t - an uncursed ring of flight {unknown}
Wands
 x - a wand of confusion (18/48)
 J - a wand of acid (7/15)
Scrolls
 g - 2 scrolls of enchant armour {unknown}
 i - 5 scrolls of identify {unknown}
 k - 3 scrolls of remove curse {unknown}
 l - a scroll of recharging {unknown}
 m - 2 scrolls of noise {unknown}
 o - a scroll of magic mapping {unknown}
 q - 2 scrolls of teleportation {unknown}
 r - a scroll of immolation {unknown}
 s - 2 scrolls of fear {unknown}
 v - a scroll of random uselessness {unknown}
Potions
 d - 2 potions of might
 e - 2 potions of ambrosia {unknown}
 j - a potion of lignification {unknown}
 n - a potion of mutation {unknown}
 u - a potion of agility {unknown}
 A - a potion of cancellation {unknown}
 B - a potion of heal wounds {unknown}
 G - a potion of invisibility {unknown}
 K - a potion of brilliance {unknown}
Books
 E - a book of Cantrips

   Spells                             Type                      Level
   a - Confusing Touch                Hexes                        1
   b - Animate Skeleton               Necromancy                   1
   c - Summon Small Mammal            Summoning                    1
   d - Apportation                    Translocation                1
 I - a book of Flames

   Spells                             Type                      Level
   a - Flame Tongue                   Conjuration/Fire             1
   b - Throw Flame                    Conjuration/Fire             2
   c - Conjure Flame                  Conjuration/Fire             3
   d - Inner Flame                    Hexes/Fire                   3
   e - Sticky Flame                   Conjuration/Fire             4
   f - Fireball                       Conjuration/Fire             5
Comestibles
 f - 3 bread rations
 p - a royal jelly
 z - a meat ration
 F - a beef jerky
 H - 6 chunks of flesh


   Skills:
 + Level 4.3 Fighting
 + Level 5.8 Maces & Flails
 + Level 5.2 Armour
 + Level 2.5 Dodging
 + Level 0.5 Stealth
 + Level 6.1 Shields


You had 6 spell levels left.
You didn't know any spells.

Dungeon Overview and Level Annotations

Branches:
Dungeon (5/15)
 Temple: D:4-7

Altars:
Fedhas

Annotations:
D:5 Pikel


Innate Abilities, Weirdness & Mutations

You reflexively headbutt those who attack you in melee.
You have a pair of horns on your head.


Message History

Pikel is moderately wounded.
The slave hits you but does no damage. You block the slave's attack.
You block Pikel's attack.
You sock Pikel! You headbutt Pikel, but do no damage.
Pikel is heavily wounded.
The slave hits you but does no damage. You block the slave's attack.
You block Pikel's attack. You block the slave's attack.
You hit Pikel.
Pikel is severely wounded.
You block the slave's attack. Pikel hits you but does no damage.
You are electrocuted!
* * * LOW HITPOINT WARNING * * *
The slave hits you but does no damage. You block the slave's attack.
You closely miss Pikel. You headbutt Pikel!
Pikel is almost dead.
Pikel closely misses you. You block the slave's attack.
The slave barely misses you. You furiously retaliate!
You headbutt the slave, but do no damage.
Pikel hits you with a whip of electrocution!
You die...

##. #......... ..
....... ####. ........
.. ....?.. +....
........ .###.......
##### ...... .+.......#
#<... ...Kp
.##......##### #####
#...# #+#.............
...... #.#.#
#..###pp......# ######
#...###..ooK@#......#
#.##.#.....#p####......#
#.......#.......'....†.#
####.#.$...#..###......#
#...###...## #......#
##### ##### #####'## #.#
#.# #.#


You could see Pikel, 3 slaves, an orc priest and an orc.

Vanquished Creatures
  A slave (D:5)
  2 ogres
  2 centaurs
  2 howler monkeys (D:5)
  Crazy Yiuf (D:3)
  An iguana (D:5)
  7 adders
  A worm (D:2)
  A dart slug (D:4)
  3 leopard geckos
  3 orcs
  8 bats
  5 giant cockroaches
  9 goblins
  6 hobgoblins
  2 jackals (D:2)
  4 kobolds
  A quokka (D:2)
  A ball python (D:3)
  4 frilled lizards
  5 rats
69 creatures vanquished.

Notes
Turn   | Place    | Note
-------+----------+-------------------------------------------
     0 | D:1      | qqqbard the Minotaur Fighter began the quest for the Orb.
     0 | D:1      | Reached XP level 1. HP: 19/19 MP: 0/0
     6 | D:1      | Noticed a black mamba
     6 | D:1      | Noticed a hog
     6 | D:1      | Noticed a rime drake
     6 | D:1      | Noticed a killer bee
    88 | D:1      | Reached XP level 2. HP: 27/27 MP: 1/1
   117 | D:1      | Reached skill level 4 in Shields
   535 | D:2      | Reached XP level 3. HP: 30/33 MP: 2/2
  1235 | D:2      | Reached skill level 1 in Dodging
  1445 | D:3      | Reached XP level 4. HP: 40/40 MP: 3/3
  2174 | D:3      | Found a runed door.
  2185 | D:3      | Noticed Crazy Yiuf
  2193 | D:3      | Killed Crazy Yiuf
  2255 | D:3      | Reached XP level 5. HP: 43/46 MP: 4/4
  2360 | D:4      | Noticed an ogre
  2368 | D:4      | Killed an ogre
  2647 | D:4      | Reached skill level 5 in Maces & Flails
  2648 | D:4      | Found a blossoming altar of Fedhas.
  2819 | D:4      | Noticed a centaur
  2824 | D:4      | Killed a centaur
  2824 | D:4      | Reached XP level 6. HP: 52/52 MP: 5/5
  2917 | D:5      | Entered Level 5 of the Dungeon
  2927 | D:5      | Reached skill level 5 in Shields
  2940 | D:5      | Reached skill level 5 in Armour
  2968 | D:5      | Reached XP level 7. HP: 23/59 MP: 6/6
  3015 | D:5      | Reached skill level 6 in Shields
  3085 | D:5      | Noticed Pikel
  3115 | D:5      | Slain by Pikel

Skill      XL: |  1  2  3  4  5  6  7 |
---------------+----------------------+-----
Shields        | 4 5 6 |  6.1
Fighting       | 4 |  4.3
Maces & Flails | 3 4 5 |  5.8
Armour         | 4 5 |  5.2
Dodging        | 1 2 |  2.5
Stealth        | |  0.5

Action                   |  1- 3 |  4- 6 |  7- 9 || total
-------------------------+-------+-------+-------++-------
Melee: Flail             |    65 |       |       ||    65
       Headbutt          |     8 |    16 |     7 ||    31
       Mace              |    32 |    92 |    33 ||   157
  Eat: Chunk             |       |     7 |       ||     7
Armor: Scale mail        |    53 |    48 |    12 ||   113
Dodge: Dodged            |    43 |    32 |    11 ||    86
Block: Shield            |    78 |    18 |       ||    96
       Large shield      |       |    56 |    38 ||    94
